 Dungeon Crawl Stone Soup version 0.32-a0-791-gfc315c9ecd (webtiles) character file.

Game seed: 11542851887242153520

187 Griffin23 the Shield-Bearer (level 5, 0/47 HPs)
             Began as a Minotaur Fighter on Mar 20, 2024.
             Was a Follower of Yredelemnul.
             Shot with an arrow by a centaur (6 damage)
             ... on level 4 of the Dungeon.
             The game lasted 00:02:35 (3086 turns).

Griffin23 the Shield-Bearer (Minotaur Fighter)      Turns: 3086, Time: 00:02:35

Health: 0/47       AC:  7    Str: 23    XL:     5   Next: 39%
Magic:  4/4        EV:  8    Int:  5    God:    Yredelemnul [*.....]
Gold:   144        SH:  4    Dex:  9    Spells: 4/4 levels left

rFire   . . .        a - +0 long sword
rCold   . . .        c - +0 buckler
rNeg    . . .        b - +0 scale mail
rPois   .            (helmet restricted)
rElec   .            (no cloak)
rCorr   .            (no gloves)
SInv    .            (no boots)
Will    .....        (no amulet) Stlth
                     (no ring)
HPRegen 0.27/turn    (no ring)
MPRegen 0.09/turn

%: no passive effects
@: wreathed by umbra
A: horns 2, retaliatory headbutt
a: Renounce Religion, Light the Black Torch, Recall Undead Harvest


You were on level 4 of the Dungeon.
You worshipped Yredelemnul.
Yredelemnul was noncommittal.
You visited 1 branch of the dungeon, and saw 4 of its levels.

You collected 144 gold pieces.

Inventory:

Hand Weapons
 a - a +0 long sword (weapon)
Armour
 b - a +0 scale mail (worn)
 c - a +0 buckler (worn)
Jewellery
 o - an amulet of faith
Wands
 m - a wand of roots (8)
 n - a wand of digging (2)
Scrolls
 e - 2 scrolls of identify {unknown}
 f - a scroll of teleportation {unknown}
 i - 2 scrolls of enchant weapon {unknown}
 j - a scroll of vulnerability {unknown}
 l - a scroll of fear {unknown}
Potions
 d - a potion of might
 g - a potion of ambrosia {unknown}
 h - a potion of curing {unknown}
 k - a potion of magic {unknown}


   Skills:
 + Level 4.8 Fighting
 + Level 4.0 Long Blades
 + Level 4.8 Armour
 + Level 4.8 Shields


You had 4 spell levels left.
You didn't know any spells.
Your spell library was empty.

Dungeon Overview and Level Annotations

Branches:
Dungeon (4/15)
 Temple: D:4-7

Altars:
Yredelemnul


Innate Abilities, Weirdness & Mutations

You have a pair of horns on your head.
You reflexively headbutt those who attack you in melee.


Message History

* * * LOW HITPOINT WARNING * * *
The centaur kicks you but does no damage.
You swap places.
The centaur wields a +0 shortbow.
The centaur shoots an arrow.
The arrow hits your adder zombie.
Your adder zombie bites the centaur.
Something hits your adder zombie. Something misses your adder zombie.
Your adder zombie bites the centaur but does no damage.
Something hits your adder zombie!
Your adder zombie is destroyed!
The centaur wields a +0 shortbow.
The centaur shoots an arrow.
The arrow hits you but does no damage.
The centaur shoots an arrow.
The arrow closely misses you.
The centaur shoots an arrow.
The arrow hits you but does no damage.
You hear the hiss of a very distant avalanche of sand.
The centaur shoots an arrow.
You block the arrow.
Okay, then.
You lift the black torch aloft and begin your conquest of Level 4 of the Dungeon in Yredelemnul's name!
Yredelemnul sends servants to aid you!
The centaur shoots an arrow.
The arrow barely misses your necrophage.
The arrow hits you.
* * * LOW HITPOINT WARNING * * *
You swap places.
The centaur shoots an arrow.
The arrow closely misses your necrophage.
The arrow hits your phantom.
The centaur shoots an arrow.
The arrow hits your necrophage!
You swap places.
The centaur shoots an arrow.
The arrow hits your necrophage.
The centaur shoots an arrow.
The arrow hits your necrophage!
Your necrophage is destroyed!
Your necrophage's corpse returns to the grave!
The centaur shoots an arrow.
The arrow closely misses your phantom. The arrow hits your phantom.
Your phantom closely misses the centaur.
Your phantom hits the centaur.
The centaur wields a +0 shortbow.
The centaur shoots an arrow.
The arrow hits your phantom!
Your phantom is destroyed!
Your phantom returns to the grave!
Your phantom hits the centaur.
The centaur shoots an arrow.
The arrow hits you.
You die...
Your body rises from the dead as a mindless zombie.

.#.###...##....#
#.##Z#
........>##....#
#....#
...###...#####.#
######
..........Z....#
#....##.#######
........#
#####.W.#
#c..##########
#.#@..##.....#
#.#.#.##.###.#
#.#.#....##
#.#...##..# #...
#W###.##..##
....
#W#........# ...
#c#.####.....#
.. ##..# ###...#
## .## ##..#
###>#


You could see a centaur (ally target) and a friendly phantom (summoned).

Vanquished Creatures
  A phantom (D:4)
  Ijyb (D:3)
  2 adders
  3 dart slugs
  2 ribbon worms (D:2)
  11 ball pythons
  4 endoplasms
  A giant cockroach (D:3)
  5 goblins (D:1)
  3 hobgoblins
  6 quokkas
  4 bats
  2 frilled lizards
  4 kobolds
  5 rats
54 creatures vanquished.

Vanquished Creatures (collateral kills)
  A ribbon worm (D:3)
1 creature vanquished.

Vanquished Creatures (others)
  An adder zombie (D:4)
  3 ball python zombies (D:4)
  An endoplasm zombie (D:4)
5 creatures vanquished.

Grand Total: 60 creatures vanquished

Notes
Turn   | Place    | Note
-------+----------+-------------------------------------------
     0 | D:1      | Griffin23 the Minotaur Fighter began the quest for the Orb.
     0 | D:1      | Reached XP level 1. HP: 19/19 MP: 0/0
   181 | D:1      | Reached XP level 2. HP: 25/27 MP: 1/1
   434 | D:1      | Reached XP level 3. HP: 33/33 MP: 2/2
  2425 | D:3      | Found a faded altar of an unknown god.
  2492 | D:3      | Prayed at the altar of an unknown god.
  2492 | D:3      | Became a worshipper of Yredelemnul the Fallen
  2492 | D:3      | Reached * piety under Yredelemnul
  2513 | D:3      | Noticed Ijyb
  2522 | D:3      | Killed Ijyb
  2523 | D:3      | Reached XP level 4. HP: 38/41 MP: 3/3
  2882 | D:4      | Noticed a phantom
  2892 | D:4      | Killed a phantom
  2893 | D:4      | Reached XP level 5. HP: 41/47 MP: 4/4
  3041 | D:4      | Noticed a centaur
  3072 | D:4      | HP: 2/47 [centaur/arrow (5)]
  3086 | D:4      | Shot with an arrow by a centaur

Illustrated notes

Levels and vault maps discovered:
D:1:      dpeg_arrival_short_road, layout_loops_ring, serial_forest,
          infiniplex_forest_clump_large, infiniplex_forest_lined_room_,
          infiniplex_forest_straight_2, infiniplex_forest_lined_room_3,
          infiniplex_forest_clump_cross, infiniplex_forest_straight_5,
          infiniplex_forest_end_2, hangedman_abyss_or_decor_stabs
D:2:      kb_forest_paths, layout_basic, small_statue_intersection
D:3:      layout_loops_corners, ebering_ecumenical_altar_petrified, uniq_ijyb
D:4:      layout_basic, nicolae_sif_muna_little_library,
          mainiacjoe_ossuary_entry_dusty_tomb, nicolae_houndstooth_variations

Skill      XL: |  1  2  3  4  5 |
---------------+----------------+-----
Fighting       | 4 |  4.8
Armour         | 4 |  4.8
Shields        | 4 |  4.8
Long Blades    | 3 4 |  4.0

Action                     |  1- 3 |  4- 6 || total
---------------------------+-------+-------++-------
  Melee: Long sword        |   175 |    29 ||   204
         Headbutt          |    35 |     7 ||    42
 Invoke: Light the Black T |       |     1 ||     1
 Armour: Scale mail        |   103 |    36 ||   139
  Dodge: Dodged            |    30 |    16 ||    46
  Block: Buckler           |    23 |    12 ||    35

Table legend: (Time is in decaauts)
 A = Elapsed time spent in this place.
 B = Non-inter-level travel time spent in this place.
 C = Inter-level travel time spent in this place.
 D = Time resting spent in this place.
 E = Time spent auto-exploring this place.
 F = Levels seen in this place.
 G = Mean time per level.
                   A        B        C        D        E       F      G
               +--------+--------+--------+--------+--------+-----+--------+
         Total |   3144 |   2971 |    173 |      0 |   2491 |   4 |  786.0 |
       Dungeon |   3144 |   2971 |    173 |      0 |   2491 |   4 |  786.0 |
               +--------+--------+--------+--------+--------+-----+--------+

Top non-repeatable levels by time:
     D:1: 1159 daAuts
     D:2: 894 daAuts
     D:3: 872 daAuts
     D:4: 217 daAuts
